 Dungeon Crawl Stone Soup version 0.18.1-8-gdd0e5ea (webtiles) character file.

68 Firecrotchwizard the Sneak (level 4, 0/23 HPs)
             Began as a Spriggan Assassin on June 12, 2016.
             Succumbed to an adder's poison
             ... on level 2 of the Dungeon.
             The game lasted 00:07:36 (1336 turns).

Firecrotchwizard the Sneak (Spriggan Assassin)      Turns: 1336, Time: 00:07:36

Health: 0/23       AC:  3    Str:  7    XL:     4   Next: 1%
Magic:  5/5        EV: 18    Int: 12    God:
Gold:   99         SH:  0    Dex: 18    Spells: 0 memorised, 3 levels left

rFire  . . .     SeeInvis +     a - +2 dagger
rCold  . . .     Gourm    .     c - +0 robe
rNeg   . . .     Faith    .     (shield restricted)
rPois  .         Spirit   .     (helmet restricted)
rElec  .         Dismiss  .     d - +0 cloak
rCorr  .         Reflect  .     (gloves unavailable)
SustAt .         Harm     .     (boots unavailable)
MR     .....                    (no amulet)
Stlth  ++++......               (no ring)
                                (no ring)

@: lethally poisoned (0 -> -6), very quick, not resistant to hostile
enchantments, stealthy
A: unfitting armour, see invisible, herbivore 3, speed 3, slow metabolism 2
a: no special abilities


You were on level 2 of the Dungeon.
You were not hungry.

You visited 1 branch of the dungeon, and saw 2 of its levels.

You collected 99 gold pieces.

Inventory:

Hand Weapons
 a - a +2 dagger (weapon)
 b - a +0 blowgun
Missiles
 e - 13 poisoned needles
 f - 2 curare-tipped needles
Armour
 c - a +0 robe (worn)
 d - a +0 cloak (worn)
Scrolls
 h - 2 scrolls of blinking {unknown}
 i - 3 scrolls of identify {unknown}
 j - 3 scrolls of enchant armour {unknown}
 k - 2 scrolls of magic mapping {unknown}
 o - 2 scrolls of immolation {unknown}
Potions
 l - 2 potions of flight {unknown}
 m - a potion of mutation {unknown}
 n - 3 potions of curing {unknown}
 p - 2 potions of lignification {unknown}
 q - a potion of brilliance {unknown}
 r - a potion of degeneration {unknown}
 s - a potion of magic {unknown}
 t - a potion of resistance {unknown}
 u - a potion of might {unknown}
Comestibles
 g - 2 bread rations


   Skills:
 - Level 1.7 Fighting
 - Level 2.3 Short Blades
 + Level 2.2 Throwing
 + Level 3.0 Dodging
 + Level 7.5 Stealth


You had 3 spell levels left.
You didn't know any spells.

Dungeon Overview and Level Annotations

Branches:
Dungeon (2/15)

Altars:


Innate Abilities, Weirdness & Mutations

You are tiny and cannot use many weapons and most armour.
You have supernaturally acute eyesight.
You are a herbivore.
You cover ground extremely quickly.
You need consume almost no food.


Message History

The worm closely misses you.
You hit the worm but do no damage.
The worm is heavily wounded.
* * * LOW HITPOINT WARNING * * *
You feel sick.
You completely miss the worm.
The worm is heavily wounded.
The worm misses you.
You completely miss the worm.
The worm is heavily wounded.
* * * LOW HITPOINT WARNING * * *
You feel sick.
You hit the worm.
The worm is heavily wounded.
The worm closely misses you.
You hit the worm but do no damage.
The worm is heavily wounded.
You barely miss the worm.
The worm is heavily wounded.
You die...

# #.................#
#.................#
#.<......)......#.>.#.#
#...............#.#.#.#
####†............##.#....
................###...##.
.........................
#######.######....>......
#..# #.†@...##### #.##
#..w...# #.# #......##
#.# #.......# #.#
#...†.#.# #.# #....†#.#
#### #.# #.(..(..# ...#
#.# ######(.# ##.# #.#
#####..######


You could see a worm.

Vanquished Creatures
  2 adders (D:2)
  3 dart slugs (D:1)
  3 giant geckos
  A giant cockroach (D:1)
  4 hobgoblins
  4 jackals (D:2)
  7 kobolds
  8 bats (D:1)
  A giant newt (D:1)
  8 rats
41 creatures vanquished.

Notes
Turn   | Place    | Note
--------------------------------------------------------------
     0 | D:1      | Firecrotchwizard the Spriggan Assassin began the quest for the Orb.
     0 | D:1      | Reached XP level 1. HP: 10/10 MP: 2/2
    28 | D:1      | Reached skill level 6 in Stealth
    98 | D:1      | Reached XP level 2. HP: 14/14 MP: 3/3
   630 | D:1      | Reached XP level 3. HP: 17/18 MP: 4/4
   681 | D:1      | Reached skill level 7 in Stealth
  1327 | D:2      | Reached XP level 4. HP: 5/23 MP: 5/5
  1333 | D:2      | HP: 1/23 [poisoned by an adder]
  1336 | D:2      | Succumbed to an adder's poison

Skill      XL: |  1  2  3 |
---------------+----------+-----
Stealth        | 6 7 |  7.5
Dodging        | 2 3 |  3.0
Fighting       | |  1.7
Short Blades   | |  2.3
Throwing       | |  2.2

Action                   |  1- 3 |  4- 6 || total
-------------------------+-------+-------++-------
Melee: Dagger            |   109 |     8 ||   117
 Fire: Blowgun           |    41 |       ||    41
 Stab: Sleeping          |     7 |       ||     7
Armor: Robe              |    20 |       ||    20
Dodge: Dodged            |   129 |     3 ||   132
